 Dungeon Crawl Stone Soup version 0.22-a0-142-g91cc6d7 (webtiles) character file.

31239 KristoblXynda the Carver (level 13, -16/113 HPs)
             Began as a Pale Draconian Gladiator on Feb 5, 2018.
             Was an Initiate of Gozag.
             Shot with an arrow by a centaur warrior (20 damage)
             ... on level 15 of the Dungeon.
             The game lasted 00:28:06 (16365 turns).

KristoblXynda the Carver (DrGl)                    Turns: 16365, Time: 00:28:06

Health: -16/113    AC: 12    Str: 26    XL:     13   Next: 24%
Magic:  18/18      EV: 18    Int: 15    God:    Gozag
Gold:   2876       SH:  4    Dex: 13    Spells: 2/12 levels left

rFire    + . .     SeeInvis .   L - +5 scimitar (flame)
rCold    . . .     Gourm    .   K - +0 buckler
rNeg     . . .     Faith    .   (armour unavailable)
rPois    .         Spirit   .   x - +2 hat of Cowardice {rF+}
rElec    .         Reflect  .   f - +1 cloak
rCorr    .         Harm     .   (no gloves)
MR       .....                  (no boots)
Stlth    +++.......             (no amulet)
HPRegen  0.28/turn              G - ring "Wepue" {Str+9 Int+2}
MPRegen  0.16/turn              n - +4 ring of slaying

@: very slightly contaminated
A: breathe steam, unfitting armour, cold-blooded, AC +8
a: Breathe Steam, Potion Petition, Call Merchant, Bribe Branch, Renounce
Religion


You were on level 15 of the Dungeon.
You worshipped Gozag.
Gozag was most pleased with you.
You were hungry.

You visited 3 branches of the dungeon, and saw 17 of its levels.
You also visited: Ossuary.

You collected 3034 gold pieces.
You spent 63 gold pieces at shops.
You paid 95 gold pieces to Gozag.

Inventory:

Hand Weapons
 i - the +12 hand crossbow of Strategic Superiority {velocity, SInv}
   (You found it on level 11 of the Dungeon)

   Any bolt fired from it inflicts extra damage.
   It lets you see invisible.
 L - a +5 scimitar of flaming (weapon)
 M - a +2 scimitar of flaming
Missiles
 c - 3 throwing nets (quivered)
 u - 46 bolts
Armour
 f - a +1 cloak (worn)
 x - the +2 hat of Cowardice (worn) {rF+}
   (You acquired it on level 13 of the Dungeon)

   It protects you from fire.
 K - a +0 buckler (worn)
Jewellery
 b - an uncursed ring of flight
 n - a +4 ring of slaying (right hand)
 o - an uncursed amulet of guardian spirit {unknown}
 r - a +2 ring of evasion
 G - the ring "Wepue" (left hand) {Str+9 Int+2}
   (You found it on level 11 of the Dungeon)

   [ring of intelligence]

   It affects your strength (+9).
   It affects your intelligence (+2).
Wands
 a - a wand of paralysis (6)
 m - a wand of disintegration (15)
 B - a wand of scattershot (5)
Scrolls
 e - 6 scrolls of teleportation
 k - 8 scrolls of remove curse
 w - 2 scrolls of fog
 y - a scroll of enchant armour
 J - a scroll of identify
Potions
 h - a potion of degeneration {unknown}
 j - 9 potions of curing
 l - a potion of cancellation {unknown}
 p - 4 potions of might
 q - 3 potions of agility
 t - 3 potions of ambrosia
 v - a potion of haste {unknown}
 A - 2 potions of resistance
 C - 2 potions of brilliance
 D - a potion of flight
 E - a potion of magic {unknown}
 F - 2 potions of berserk rage
 H - 3 potions of invisibility
 I - a potion of lignification {unknown}
Miscellaneous
 z - a fan of gales
Comestibles
 d - 21 rations


   Skills:
 - Level 10.0 Fighting
 - Level 14.0 Long Blades
 + Level 3.5 Crossbows
 - Level 2.0 Throwing
 + Level 11.2 Dodging
 + Level 6.3 Stealth
 + Level 1.8 Shields
 + Level 6.9 Evocations


You had 2 spell levels left.
You knew the following spells:

 Your Spells              Type           Power        Failure   Level  Hunger
a - Petrify               Tmut/Erth      #.......     98%         4    #####..
b - Freezing Cloud        Conj/Ice/Air   #.........   100%        6    #######


Dungeon Overview and Level Annotations

Branches:
Dungeon (15/15)            Temple (1/1) D:5            Lair (1/6) D:10
    Orc (0/2) D:10         Vaults (0/5) D:14         Depths (0/5) D:15

Altars:
Ashenzari
Cheibriados
Dithmenos
Elyvilon
Fedhas
Gozag
Hepliaklqana
Kikubaaqudgha
Makhleb
Nemelex Xobeh
Okawaru
Qazlal
Ru
Sif Muna
Trog
Uskayaw
Vehumet
Wu Jian
Xom
Yredelemnul
Zin
The Shining One

Shops:
D:7 }[%   D:13 %   D:15 (


Innate Abilities, Weirdness & Mutations

You can breathe blasts of scalding, opaque steam.
Your pale cyan-grey scales are hard. (AC +8)
You cannot fit into any form of body armour.
You are cold-blooded and may be slowed by cold attacks.


Message History

The ball of steam hits the komodo dragon.
The komodo dragon is severely wounded.
You feel somewhat more hungry. The komodo dragon bites you!
* * * LOW HITPOINT WARNING * * *
Unknown command.
A troll comes into view.
The komodo dragon is engulfed in a cloud of scalding steam.
Found Ryhoab's Antique Weapon Shop.
A centaur and a two-headed ogre come into view.
A centaur and a centaur warrior come into view.
You have got your breath back.
The centaur warrior shouts!
The centaur warrior wields a shortbow.
The centaur warrior shoots an arrow.
The arrow barely misses you.
You hear a shout!
A centaur comes into view.
You see here an arrow.
The centaur warrior shoots an arrow.
The arrow hits you!!
You die...
Your body crumbles into a pile of gold.

# #. ## #... .#
$ .###.#. .#
.......##.#
.......#.#
..#...#.#.#
...#..#.#.###
Oc......@...#
.c.....(l.#.##
#.....#.8.8.8##
.#...
#..⌠.⌠..###
.c#.
#.8.∩.8..T. ...
#..⌠.⌠.### ..
##8.8.8# .
#.##### #..§§#


You could see a centaur warrior, a komodo dragon, a troll (sleeping) and 2
centaurs.

Vanquished Creatures
  Snorg (D:10)
  3 hydras
  A catoblepas (D:14)
  Erica (D:9)
  A centaur warrior (D:13)
  2 two-headed ogres (D:9)
  A tengu warrior (D:10)
  3 unseen horrors
  A wizard (D:14)
  The ghost of emikaela the Slicer, a novice KoCK of Dithmenos (D:7)
  A fire giant zombie (D:15)
  A frost giant zombie (D:15)
  A cyclops (D:12)
  A manticore (D:14)
  13 ugly things
  Maurice (D:10)
  2 gargoyles
  A komodo dragon (D:12)
  An efreet (D:14)
  A guardian mummy (D:15)
  5 trolls
  2 hippogriffs
  A vampire (D:14)
  3 wyverns
  17 yaks
  Grum (D:10)
  2 wraiths
  2 basilisks
  Eustachio (D:5)
  A water moccasin (D:8)
  3 soldier ants
  3 sky beasts
  3 black bears
  A hornet zombie (D:12)
  3 orc warriors
  7 ice beasts
  7 ogres
  A phantom (D:7)
  2 necrophages
  4 wolves (D:10)
  9 centaurs
  2 big kobolds
  15 bullfrogs
  3 scorpions
  9 killer bees
  11 wights
  An electric eel (D:11)
  A howler monkey (D:10)
  2 bullfrog zombies
  3 centaur zombies
  3 crimson imps
  2 quasits
  7 hounds
  2 jellies
  2 centaur skeletons
  5 orc priests
  Ijyb (D:3)
  4 iguanas
  7 orc wizards
  15 worker ants
  A killer bee zombie (D:4)
  A hound zombie (D:5)
  3 mummies (Ossuary)
  3 worker ant zombies
  7 adders
  4 adder zombies (Ossuary)
  2 adder skeletons
  2 worms (D:3)
  A dart slug (D:3)
  5 leopard geckos
  38 orcs
  2 ball pythons
  7 bats
  3 giant cockroaches
  A gnoll zombie (Ossuary)
  4 goblins
  5 hobgoblins
  15 jackals
  21 kobolds
  5 quokkas
  2 frilled lizards
  2 goblin zombies (Ossuary)
  3 hobgoblin zombies (Ossuary)
  3 kobold zombies (Ossuary)
  A quokka zombie (Ossuary)
  7 rats
  4 rat zombies (Ossuary)
  A plant (D:1)
364 creatures vanquished.

Vanquished Creatures (others)
  A meliai zombie (D:14)
1 creature vanquished.

Grand Total: 365 creatures vanquished

Notes
Turn   | Place    | Note
-------+----------+-------------------------------------------
     0 | D:1      | KristoblXynda the Draconian Gladiator began the quest for the Orb.
     0 | D:1      | Reached XP level 1. HP: 17/17 MP: 1/1
   234 | D:1      | Reached XP level 2. HP: 24/24 MP: 2/2
   719 | D:2      | Found a faded altar of an unknown god.
   729 | D:2      | Reached XP level 3. HP: 26/29 MP: 3/3
  1014 | D:2      | Found a glowing golden altar of the Shining One.
  1228 | D:3      | Reached skill level 4 in Long Blades
  1386 | D:3      | Noticed Ijyb
  1397 | D:3      | Killed Ijyb
  1554 | D:3      | Reached XP level 4. HP: 36/36 MP: 4/4
  1910 | D:3      | Found a glowing silver altar of Zin.
  1936 | D:3      | Reached skill level 5 in Long Blades
  1936 | D:3      | Reached XP level 5. HP: 24/41 MP: 5/5
  2360 | D:4      | Noticed an ogre
  2370 | D:4      | Killed an ogre
  2370 | D:4      | Reached XP level 6. HP: 38/48 MP: 6/6
  2524 | D:4      | Noticed a sky beast
  2539 | D:4      | Killed a sky beast
  2539 | D:4      | Reached skill level 6 in Long Blades
  2788 | D:4      | Your scales start taking on a pale cyan-grey colour.
  2788 | D:4      | Reached XP level 7. HP: 45/55 MP: 7/7
  2968 | D:5      | Entered Level 5 of the Dungeon
  2968 | D:5      | Found a basalt altar of Yredelemnul.
  2968 | D:5      | Found a burning altar of Makhleb.
  2968 | D:5      | Found a hazy altar of Hepliaklqana.
  2968 | D:5      | Found a shimmering altar of Xom.
  2982 | D:5      | Found a staircase to the Ecumenical Temple.
  3055 | D:5      | Noticed Eustachio
  3101 | D:5      | Killed Eustachio
  3101 | D:5      | Reached skill level 7 in Long Blades
  3101 | D:5      | Reached skill level 5 in Dodging
  3376 | D:5      | Found a blossoming altar of Fedhas.
  3377 | D:5      | Found a hide-covered altar of Uskayaw.
  3377 | D:5      | Found a snail-covered altar of Cheibriados.
  3393 | D:5      | Found a sparkling altar of Nemelex Xobeh.
  3526 | D:5      | Reached skill level 8 in Long Blades
  3680 | D:5      | Reached XP level 8. HP: 47/61 MP: 8/8
  4125 | Temple   | Entered the Ecumenical Temple
  4340 | Temple   | Became a worshipper of Gozag Ym Sagoz the Greedy
  4443 | D:6      | Found a shattered altar of Ashenzari.
  5038 | D:7      | Noticed emikaela's ghost (novice KoCK)
  5051 | D:7      | Killed emikaela's ghost
  5051 | D:7      | Reached skill level 9 in Long Blades
  5182 | D:7      | Reached skill level 10 in Long Blades
  5191 | D:7      | Reached XP level 9. HP: 61/67 MP: 9/9
  5225 | D:7      | Found Mill's Armour Shoppe.
  5230 | D:7      | Bought a +0 cloak for 63 gold pieces
  5388 | D:7      | Found Noetyxee's Food Emporium.
  5478 | D:7      | Found Sivear's Gadget Emporium.
  6141 | D:8      | Found a sand-covered staircase.
  6152 | Ossuary  | Entered an ossuary
  6665 | D:8      | Reached skill level 11 in Long Blades
  6946 | D:8      | Found a deep blue altar of Sif Muna.
  7623 | D:9      | Reached skill level 5 in Fighting
  7623 | D:9      | Reached XP level 10. HP: 81/81 MP: 10/10
  7762 | D:9      | Noticed Erica
  7800 | D:9      | Killed Erica
  8086 | D:9      | Reached skill level 12 in Long Blades
  8358 | D:9      | Noticed a two-headed ogre
  8364 | D:9      | Killed a two-headed ogre
  8437 | D:9      | Noticed a two-headed ogre
  8442 | D:9      | Killed a two-headed ogre
  8956 | D:10     | Entered Level 10 of the Dungeon
  8956 | D:10     | Noticed Grum
  9007 | D:10     | Noticed a gargoyle
  9020 | D:10     | Killed a gargoyle
  9251 | D:10     | Noticed Snorg
  9271 | D:10     | Killed Snorg
  9271 | D:10     | Reached skill level 13 in Long Blades
  9271 | D:10     | Reached XP level 11. HP: 38/92 MP: 11/11
  9513 | D:10     | Killed Grum
  9537 | D:10     | Noticed Maurice
  9769 | D:10     | Paralysed by Maurice for 5 turns
  9777 | D:10     | Killed Maurice
  9901 | D:10     | Found a staircase to the Orcish Mines.
  9966 | D:10     | Noticed a tengu warrior
  9994 | D:10     | Killed a tengu warrior
 10637 | D:10     | Found a staircase to the Lair.
 10660 | Lair:1   | Entered Level 1 of the Lair of Beasts
 10679 | Lair:1   | Learned a level 4 spell: Petrify
 10686 | Lair:1   | Learned a level 6 spell: Freezing Cloud
 10727 | D:11     | Noticed a cyan ugly thing
 10732 | D:11     | Killed a cyan ugly thing
 10740 | D:11     | Noticed a seven-headed hydra
 10748 | D:11     | Killed a three-headed hydra
 11287 | D:11     | Killed an unseen horror
 11474 | D:11     | Got a polished hand crossbow
 11475 | D:11     | Identified the +12 hand crossbow of Strategic Superiority {velocity, SInv} (You found it on level 11 of the Dungeon)
 11534 | D:11     | Noticed a seven-headed hydra
 11539 | D:11     | Killed a five-headed hydra
 11539 | D:11     | Reached skill level 14 in Long Blades
 12091 | D:11     | Reached skill level 1 in Evocations
 12190 | D:11     | Got a clouded bronze ring
 12225 | D:11     | Reached skill level 1 in Stealth
 12968 | D:12     | Reached skill level 10 in Dodging
 12968 | D:12     | Reached XP level 12. HP: 94/104 MP: 12/14
 13112 | D:12     | Found a shimmering altar of Xom.
 13235 | D:13     | Noticed a centaur warrior
 13306 | D:13     | Identified a scroll of acquirement
 13309 | D:13     | Got a bloodstained hat
 13320 | D:13     | Identified the +2 hat of Cowardice {rF+} (You acquired it on level 13 of the Dungeon)
 13321 | D:13     | Identified the ring "Wepue" {Str+9 Int+2} (You found it on level 11 of the Dungeon)
 13411 | D:13     | Killed a centaur warrior
 13954 | D:13     | Found Ituceo's Food Emporium.
 14166 | D:13     | Noticed a seven-headed hydra
 14173 | D:13     | Killed a five-headed hydra
 14529 | D:13     | Reached skill level 10 in Fighting
 14644 | D:14     | Found a shadowy altar of Dithmenos.
 14666 | D:14     | Reached skill level 5 in Evocations
 14781 | D:14     | Noticed a catoblepas
 14781 | D:14     | Found a gate to the Vaults.
 14788 | D:14     | Reached skill level 1 in Crossbows
 14788 | D:14     | Reached skill level 5 in Stealth
 14791 | D:14     | Killed a catoblepas
 15557 | D:14     | Reached XP level 13. HP: 104/112 MP: 17/17
 15758 | D:14     | Reached skill level 1 in Shields
 15927 | D:14     | Found a white marble altar of Elyvilon.
 16293 | D:15     | Entered Level 15 of the Dungeon
 16347 | D:15     | HP: 1/113 [komodo dragon (15)]
 16350 | D:15     | Found a staircase to the Depths.
 16357 | D:15     | HP: 1/113 [komodo dragon (12)]
 16358 | D:15     | Found Ryhoab's Antique Weapon Shop.
 16365 | D:15     | Shot with an arrow by a centaur warrior

Vault maps used:
D:1:      lightli_iron_boxes, lexackson_kobold_supper
D:2:      chequers_ecumenical_altar_simple_redux, nicolae_tso_carved_into_rock
D:3:      zin_treasury, uniq_ijyb
D:5:      grunt_temple_overflow_open, nicolae_overflow_quartered_altars,
          minmay_temple_entry_from_below_a, first_ration, minmay_crossroads,
          uniq_eustachio
D:6:      old_standard_altar, dk_vineyard_3
D:7:      minmay_opposing_rooms, serial_shops, kennysheep_mini,
          nicolae_shop_crystal, shop
D:8:      nicolae_ossuary_entry_ruins, tgw_sif
D:9:      uniq_erica
D:10:     lair_entry_dummy, orc_0_dummy, uniq_maurice, uniq_grum, uniq_snorg
D:11:     hangedman_pestilent_swarm, kennysheep_cross_bottleneck, fountainhead,
          roderic_lattice_a
D:12:     lemuel_centaur_altar
D:13:     serial_shops, nicolae_shop_behind_doors
D:14:     david_vaults_1, minmay_misc_feat_encased, basic_altar,
          grunt_dithmenos_smoke_and_mirrors
D:15:     gammafunk_depths_entry_grave, serial_shops,
          nicolae_shop_temple_entry_statues_fountains, hangedman_decor_opposing,
          special_room, uniq_rupert
Temple:   minmay_temple_bridge_abc
Lair:1:   lemuel_fruit_tree, grunt_megastairs_4, uniq_harold
Ossuary:  ossuary_minmay_chase

Skill      XL: |  1  2  3  4  5  6  7  8  9 10 11 12 13 |
---------------+----------------------------------------+-----
Throwing       | 2 |  2.0
Dodging        | 3 4 5 6 7 8 10 11 | 11.2
Long Blades    | 4 5 6 8 10 11 13 14 | 14.0
Fighting       | 5 7 9 10 | 10.0
Evocations     | 2 6 |  6.9
Stealth        | 2 5 6 |  6.3
Crossbows      | 2 3 |  3.5
Shields        | 1 |  1.8

Action                   |  1- 3 |  4- 6 |  7- 9 | 10-12 | 13-15 || total
-------------------------+-------+-------+-------+-------+-------++-------
Melee: Long sword        |   110 |    85 |   337 |    25 |       ||   557
       Tailslap          |    15 |    14 |    66 |    72 |    25 ||   192
       Scimitar          |       |       |       |   389 |    65 ||   454
 Fire: Hand crossbow     |       |       |       |    15 |       ||    15
Throw: Throwing net      |       |       |       |     1 |       ||     1
 Abil: Breathe Steam     |       |       |     6 |    29 |     6 ||    41
Evoke: Wand              |       |     1 |       |     5 |     3 ||     9
  Use: Scroll            |     3 |       |    11 |    17 |     1 ||    32
       Potion            |       |       |     1 |     3 |     3 ||     7
 Stab: Sleeping          |       |     2 |     3 |     6 |     2 ||    13
       Distracted        |       |       |       |     4 |     1 ||     5
  Eat: Chunk             |     1 |     5 |     3 |       |       ||     9
       Ration            |       |       |     4 |     8 |     1 ||    13
Armor: Skin              |    24 |    25 |    53 |    92 |     9 ||   203
Dodge: Dodged            |    68 |    55 |   238 |   325 |    29 ||   715
Block: Buckler           |       |       |       |       |     1 ||     1
       Rpst.: Long sword |    21 |    13 |    71 |     4 |       ||   109
       Scimitar          |       |       |       |    61 |     9 ||    70

Table legend:
 A = Spawn XP
 B = Non-spawn XP
 C = Spawn XP percentage of total XP
 D = Spawn monster count
 E = Non-spawn monster count
 F = Spawn count percentage of total count
 G = Total turns spent on level
                    A         B        C        D         E        F      G
               +---------+---------+-------+---------+---------+-------+---------
         Total |       0 |   44628 |   0.0 |       0 |     363 |   0.0 | 16365
               +---------+---------+-------+---------+---------+-------+---------
           D:1 |       0 |      33 |   0.0 |       0 |      20 |   0.0 |   647
           D:2 |       0 |      13 |   0.0 |       0 |       8 |   0.0 |   519
           D:3 |       0 |     169 |   0.0 |       0 |      22 |   0.0 |  1088
           D:4 |       0 |     563 |   0.0 |       0 |      20 |   0.0 |   714
           D:5 |       0 |     815 |   0.0 |       0 |      21 |   0.0 |  1114
           D:6 |       0 |     315 |   0.0 |       0 |       9 |   0.0 |   717
           D:7 |       0 |    1827 |   0.0 |       0 |      33 |   0.0 |  1055
           D:8 |       0 |    1046 |   0.0 |       0 |      15 |   0.0 |  1029
           D:9 |       0 |    5106 |   0.0 |       0 |      35 |   0.0 |  1543
          D:10 |       0 |    4478 |   0.0 |       0 |      29 |   0.0 |  1685
          D:11 |       0 |    5250 |   0.0 |       0 |      32 |   0.0 |  1728
          D:12 |       0 |    3499 |   0.0 |       0 |      34 |   0.0 |   852
          D:13 |       0 |    6855 |   0.0 |       0 |      27 |   0.0 |  1352
          D:14 |       0 |   12199 |   0.0 |       0 |      32 |   0.0 |  1653
          D:15 |       0 |    2369 |   0.0 |       0 |       5 |   0.0 |    72
       Ossuary |       0 |      91 |   0.0 |       0 |      21 |   0.0 |   330
               +---------+---------+-------+---------+---------+-------+---------
